 Dungeon Crawl Stone Soup version 0.17-a0-1115-g0372368 (console) character file.

10208 Monkaria the Carver (level 11, -1/111 HPs)
             Began as a Demonspawn Chaos Knight on May 23, 2015.
             Slain by a raven (7 damage)
             ... led by a tengu warrior
             ... on level 10 of the Dungeon.
             The game lasted 00:43:58 (14695 turns).

Monkaria the Carver (Demonspawn Chaos Knight)      Turns: 14695, Time: 00:43:59

Health: -1/111     AC: 25    Str: 17    XL:     11   Next: 33%
Magic:  0/11       EV:  2    Int: 13    God:    Xom [....*.]
Gold:   1201       SH:  0    Dex: 17    Spells: 0 memorised, 10 levels left

rFire  . . .     SeeInvis .     s - +3 scimitar (curse)
rCold  . . .     Clarity  .     (armour currently unavailable)
rNeg   + + +     SustAt   .     (no shield)
rPois  +         Gourm    .     (helmet currently unavailable)
rElec  .         Spirit   +     (cloak currently unavailable)
rCorr  .         Warding  .     (gloves currently unavailable)
rMut   .         NoTele   +     (boots currently unavailable)
MR     .....                    (no amulet)
Stlth  +++.......               (no ring)
                                (no ring)

@: agile, tree-form, not resistant to hostile enchantments, fairly stealthy
A: rugged brown scales 3, blink 1, (fire resistance 0), frail 1, (poison
resistance), regeneration 1, magic shield, magic regeneration, rot immunity
a: Blink, Renounce Religion


You were on level 10 of the Dungeon.
You worshipped Xom.
You were a beloved toy of Xom.
You were not hungry.
You were a tree.
You visited 1 branch of the dungeon, and saw 10 of its levels.
You also visited: Sewer.

You collected 1201 gold pieces.

Inventory:

Hand weapons
 a - a +1 falchion of chaos
 b - a +1 dagger of venom
 j - a +0 blowgun
 s - a cursed +3 scimitar (weapon)
 B - a +2 scimitar
 L - the +5 hand crossbow of the Land of Plenty {freeze, rPois, unknown}
   (You found it on level 10 of the Dungeon)

   It causes projectiles fired from it to freeze those they strike, causing
   extra injury to most foes and up to half again as much damage against
   particularly susceptible opponents.
   They can also slow down cold-blooded creatures.
   It protects you from poison.
Missiles
 k - 23 curare-tipped needles
 n - 65 poisoned needles
 p - 8 javelins (quivered)
 q - 4 tomahawks
Armour
 h - a +0 pair of boots (melded)
 u - a cursed +0 scale mail
 x - a +0 pair of gloves (melded)
 z - a +1 cloak (melded)
 F - a +0 chain mail (melded)
Magical devices
 v - a wand of disintegration (2)
 y - a wand of draining (2)
 E - a wand of teleportation (6)
 J - a wand of flame (24)
 M - a wand of cold (4)
 N - a wand of confusion (11)
Scrolls
 d - a scroll of magic mapping
 f - 2 scrolls of recharging
 g - a scroll of immolation
 l - 6 scrolls of teleportation
 r - 5 scrolls of enchant weapon
 I - 2 scrolls of remove curse
 K - a scroll of noise {unknown}
Potions
 i - a potion of cure mutation
 o - 2 potions of flight
 w - 3 potions of magic
 G - a potion of mutation {unknown}
 H - a potion of brilliance {unknown}
Books
 D - a book of Air

   Spells                             Type                      Level
   a - Shock                          Conjuration/Air              1
   b - Swiftness                      Charms/Air                   2
   c - Repel Missiles                 Charms/Air                   2
   d - Static Discharge               Conjuration/Air              3
   e - Lightning Bolt                 Conjuration/Air              5
Miscellaneous
 O - a lamp of fire (inert)
Comestibles
 c - 12 bread rations
 m - 2 slices of pizza
 t - 4 chunks of flesh
 C - 4 meat rations


   Skills:
 - Level 4.0 Fighting
 - Level 9.3 Long Blades
 - Level 5.0 Throwing
 + Level 9.2 Armour
 - Level 9.0 Dodging


You had 10 spell levels left.
You didn't know any spells.

Dungeon Overview and Level Annotations

Branches:
Dungeon (10/15)            Temple (0/1) D:5            Lair (0/8) D:10
    Orc (0/4) D:9

Altars:
Cheibriados
Dithmenos
Gozag
Qazlal
Ru
Trog
Vehumet
Zin

Annotations:
D:6 Tarnath's ghost, experienced DEFE


Innate Abilities, Weirdness & Mutations

(You are completely covered in rugged brown scales (AC +3, +7% HP).)
When hurt, damage is shared between your health and your magic reserves.
You regenerate magic rapidly.
You are immune to rotting.
You can translocate small distances at will.
((Your flesh is heat resistant.))
You are frail (-10% HP).
((Your system is resistant to poisons.))
Your natural rate of healing is unusually fast.


Message History

It was a potion of lignification.
You turn into a tree.
Your +1 cloak melds into your body.
Your +0 pair of gloves melds into your body.
Your +0 pair of boots melds into your body.
Your +0 chain mail melds into your body.
Your roots penetrate the ground.
The raven pecks you but does no damage. The raven claws you.
* * * LOW HITPOINT WARNING * * *
The raven pecks you. The raven claws you but does no damage.
Your fire elemental barely misses the raven.
The raven pecks you but does no damage. The raven claws you but does no damage.
The raven pecks you but does no damage. The raven claws you but does no damage.
You hit the raven.
The raven is lightly wounded.
The raven pecks you but does no damage. The raven claws you but does no damage.
The raven completely misses you. The raven claws you but does no damage.
Your fire elemental hits the raven.
Your fire elemental burns the raven!
The raven pecks you but does no damage. The raven claws you but does no damage.
The raven pecks you!
You die...

*,*...#.##..#####....##.# #
**,*#..#.##..#####.##.##.# # ,,
([.#.....#####.......# #
**,*##.#..##.#######...### , ,
......##)#######...##
****#.......)#######...## #
,,,,..#.....§.######...## # , ,
,.#.#..##§######...####### # ,,,
.#....##.Eb♣..)..)......#### ,,
,.#..#.....b................. ,,,
......##................##..
,,,,......!...######...########..
,,,,.###.###########...## ###.. *
* ,.##.###########..[## #.... *
***.#.###########...#### #.... *,
**...##########.......# #.... * ,
**.###########........# #....


You could see 2 ravens and a friendly fire elemental.

Vanquished Creatures
  An unseen horror (D:8)
  A hill giant (D:10)
  Maurice (D:8)
  A komodo dragon (D:10)
  Prince Ribbit (D:8)
  A two-headed ogre (D:7)
  A wyvern (D:9)
  8 yaks
  A spriggan (D:8)
  2 steam dragons (D:9)
  2 water moccasins
  3 orc warriors
  An ice beast (D:9)
  A necrophage (D:9)
  A black bear (D:9)
  5 centaurs
  A phantom (D:9)
  A tengu (shapeshifter) (D:8)
  4 ogres
  8 big kobolds
  3 giant frogs
  A wyvern zombie (D:10)
  A scorpion (D:10)
  11 wights
  3 killer bees (D:8)
  2 crimson imps
  2 giant frog zombies
  2 centaur zombies
  2 giant frog skeletons
  7 orc wizards
  4 worker ants
  4 jellies
  7 orc priests
  2 centaur skeletons
  An iron imp (D:6)
  7 iguanas
  4 hounds
  Natasha (twice) (D:2)
  2 hell rats (D:8)
  A hound zombie (D:5)
  A mummy (D:5)
  8 river rats
  A river rat (shapeshifter) (D:5)
  13 adders
  A shadow imp (D:6)
  2 oozes (Sewer)
  2 adder skeletons
  An adder zombie (D:7)
  6 worms
  13 giant geckos
  30 orcs
  5 ball pythons
  A bat skeleton (D:7)
  A bat zombie (D:8)
  3 giant cockroaches
  14 goblins
  17 hobgoblins
  35 jackals
  6 quokkas
  9 bats
  A giant gecko skeleton (D:4)
  6 giant newts
  2 hobgoblin zombies (D:5)
  A jackal skeleton (D:5)
  42 kobolds
  2 kobold zombies (D:5)
  45 rats
381 creatures vanquished.

Vanquished Creatures (collateral kills)
  The ghost of Goodini51 the Cleaver, an experienced FoFi of Qazlal (D:8)
  A raven (D:10)
  A wyvern (D:5)
  4 yaks (D:10)
  A porcupine (shapeshifter) (D:2)
  A hippogriff (D:10)
  An ogre (D:5)
  A big kobold (Sewer)
  A giant frog (D:8)
  4 wights (D:6)
  An orc priest (D:10)
  3 orcs
  A giant cockroach (D:4)
21 creatures vanquished.

Vanquished Creatures (others)
  A tengu warrior (D:10)
  A polar bear (D:10)
  A raven (D:10)
  A warg (D:10)
  An ice beast (D:8)
  An orc wizard (D:6)
  2 ufetubi
  2 orcs
  A plant (D:10)
11 creatures vanquished.

Grand Total: 413 creatures vanquished

Notes
Turn   | Place    | Note
--------------------------------------------------------------
     0 | D:1      | Monkaria the Demonspawn Chaos Knight began the quest for the Orb.
     0 | D:1      | Reached XP level 1. HP: 18/18 MP: 1/1
    62 | D:1      | Gained mutation: When hurt, damage is shared between your health and your magic reserves. [demonic ancestry]
    62 | D:1      | Reached XP level 2. HP: 18/24 MP: 2/2
   100 | D:1      | XOM: divination: detect items
   277 | D:1      | XOM: harmless Conj miscast
   384 | D:1      | XOM: silly message
   459 | D:1      | XOM: harmless Conj miscast
   660 | D:2      | Reached skill level 4 in Fighting
   663 | D:2      | XOM: harmless Air miscast
   710 | D:2      | Gained mutation: You are partially covered in rugged brown scales (AC +1, +3% HP). [demonic ancestry]
   710 | D:2      | Reached XP level 3. HP: 8/30 MP: 1/3
  1018 | D:2      | XOM: divination: detect creatures
  1067 | D:2      | XOM: divination: magic mapping
  1157 | D:2      | XOM: divination: detect creatures
  1296 | D:2      | Noticed Natasha
  1302 | D:2      | XOM: butterfly on damage
  1303 | D:2      | Killed Natasha
  1303 | D:2      | Reached XP level 4. HP: 24/38 MP: 4/4
  1675 | D:2      | XOM: silly message
  1695 | D:2      | Noticed Natasha
  1696 | D:2      | Noticed Natasha
  1696 | D:2      | Natasha changed into Natasha the hobgoblin
  1696 | D:2      | XOM: polymorph Natasha -> Natasha the hobgoblin
  1703 | D:2      | Killed Natasha the hobgoblin
  1736 | D:2      | Noticed Natasha
  1740 | D:2      | Killed Natasha
  1997 | D:3      | XOM: silly message
  2291 | D:3      | XOM: harmless Necr miscast
  2459 | D:4      | Gained mutation: You are immune to rotting. [demonic ancestry]
  2459 | D:4      | Reached XP level 5. HP: 32/43 MP: 3/5
  2618 | D:4      | XOM: confuse monster(s)
  2700 | D:4      | Reached skill level 5 in Long Blades
  2779 | D:4      | XOM: colour smoke trail
  2825 | D:4      | XOM: enchant monster (good)
  2826 | D:4      | XOM: harmless Tloc miscast
  2842 | D:4      | XOM: confusion
  3104 | D:4      | Found an opulent altar of Gozag.
  3104 | D:4      | Found a bloodstained altar of Trog.
  3105 | D:4      | Found a shadowy altar of Dithmenos.
  3221 | D:5      | Entered Level 5 of the Dungeon
  3239 | D:4      | Gained mutation: You regenerate magic rapidly. [demonic ancestry]
  3239 | D:4      | Reached XP level 6. HP: 31/49 MP: 6/6
  3500 | D:5      | Reached skill level 6 in Long Blades
  3537 | D:5      | XOM: mild Divn miscast
  3564 | D:5      | Noticed an ogre
  3564 | D:5      | XOM: medium Divn miscast
  3572 | D:5      | XOM: confusion
  3610 | D:4      | XOM: mild Ice miscast
  3682 | D:4      | XOM: summons 4 hostile shadow creatures
  3690 | D:5      | XOM: enchant monster (bad)
  3709 | D:5      | XOM: summons 6 friendly demons
  3715 | D:5      | Killed an ogre
  3786 | D:5      | XOM: noise
  3895 | D:4      | XOM: vitrification
  4396 | D:5      | XOM: potion effect (invisibility)
  4400 | D:5      | XOM: potion effect (magic)
  4407 | D:5      | XOM: harmless Tloc miscast
  4410 | D:5      | XOM: enchant monster (good)
  4423 | D:4      | XOM: summons friendly shadow imp
  4424 | D:4      | Reached XP level 7. HP: 14/55 MP: 5/7
  4485 | D:4      | XOM: polymorph shadow imp -> white imp
  4528 | D:4      | XOM: silly message
  4638 | D:4      | Reached skill level 7 in Long Blades
  4740 | D:5      | Gained mutation: You are covered in fur (AC +1). [mutagenic meat]
  4741 | D:5      | Gained mutation: Your muscles are strong. (Str +2) [mutagenic meat]
  4895 | D:5      | Noticed a wyvern
  4899 | D:5      | XOM: noise
  4913 | D:5      | Lost mutation: Your muscles are strong. (Str +2) [potion of cure mutation]
  4913 | D:5      | Lost mutation: You are covered in fur (AC +1). [potion of cure mutation]
  4914 | D:5      | Gained mutation: Your flesh is heat resistant. [potion of beneficial mutation]
  4921 | D:5      | XOM: noise
  4978 | D:4      | XOM: summons 1 hostile demon
  5198 | D:5      | XOM: summons 7 friendly demons
  5202 | D:5      | Killed a wyvern
  5341 | D:5      | XOM: colour smoke trail
  5351 | D:5      | Found a staircase to the Ecumenical Temple.
  5601 | D:6      | Reached skill level 8 in Long Blades
  5777 | D:6      | Found a glowing drain.
  5828 | Sewer    | Entered a sewer
  6033 | Sewer    | XOM: cast spell 'Ring of Flames'
  6357 | Sewer    | XOM: enchant monster (good)
  6371 | Sewer    | Gained mutation: You are mostly covered in rugged brown scales (AC +2, +5% HP). [demonic ancestry]
  6371 | Sewer    | Reached XP level 8. HP: 49/63 MP: 8/8
  6465 | Sewer    | XOM: cast spell 'Monstrous Menagerie'
  6635 | Sewer    | Reached skill level 9 in Long Blades
  6905 | D:6      | XOM: mild Conj miscast
  7587 | D:6      | XOM: god gift: 510 gold pieces
  7636 | D:6      | XOM: cast spell 'Discord'
  7980 | D:6      | Found a sacrificial altar of Ru.
  7980 | D:6      | Found a glowing silver altar of Zin.
  7985 | D:6      | Found a radiant altar of Vehumet.
  7985 | D:6      | Found a stormy altar of Qazlal.
  7999 | D:6      | XOM: god gift: 2 poisoned javelins
  8028 | D:6      | Reached skill level 5 in Armour
  8088 | D:6      | XOM: summons friendly ufetubus
  8287 | D:6      | HP: 1/63 [ogre/giant spiked club (20)]
  8287 | D:6      | XOM: butterfly on damage
  8782 | D:2      | XOM: polymorph swamp drake -> boggart
  8788 | D:2      | XOM: summons 2 friendly demons
  8792 | D:2      | Reached XP level 9. HP: 33/68 MP: 5/9
  8840 | D:2      | Gained mutation: You can translocate small distances at will. [mutagenic meat]
  8841 | D:2      | Gained mutation: Your magical capacity is low (-10% MP). [mutagenic meat]
  8842 | D:2      | Gained mutation: Your natural rate of healing is unusually fast. [potion of beneficial mutation]
  9840 | D:6      | Noticed Tarnath's ghost (experienced DEFE)
  9932 | D:6      | Found a snail-covered altar of Cheibriados.
 10207 | D:7      | XOM: mild Chrm miscast
 10342 | D:7      | Reached skill level 1 in Dodging
 10738 | D:7      | XOM: divination: magic mapping
 10780 | D:7      | XOM: harmless Air miscast
 10832 | D:7      | XOM: potion effect (berserk rage)
 11183 | D:7      | XOM: harmless Erth miscast
 11399 | D:8      | XOM: potion effect (invisibility)
 11416 | D:8      | Reached skill level 5 in Dodging
 11420 | D:8      | Gained mutation: You are clumsy. (Dex -2) [mutagenic meat]
 11521 | D:8      | Killed an unseen horror
 11521 | D:8      | Gained mutation: You are completely covered in rugged brown scales (AC +3, +7% HP). [demonic ancestry]
 11521 | D:8      | Reached XP level 10. HP: 6/75 MP: 1/9
 11876 | D:8      | XOM: harmless Fire miscast
 12119 | D:8      | Noticed Maurice
 12144 | D:8      | Killed Maurice
 12193 | D:8      | XOM: potion effect (invisibility)
 12220 | D:8      | XOM: potion effect (berserk rage)
 12246 | D:8      | XOM: potion effect (haste)
 12324 | D:8      | Noticed Prince Ribbit
 12365 | D:8      | XOM: harmless Trmt miscast
 12421 | D:8      | Noticed Goodini51's ghost (experienced FoFi)
 12425 | D:8      | XOM: potion effect (brilliance)
 12598 | D:9      | Found a staircase to the Orcish Mines.
 12648 | D:9      | Reached skill level 1 in Throwing
 12707 | D:9      | XOM: polymorph hound -> steam dragon
 12788 | D:9      | XOM: give mutations
 12788 | D:9      | Gained mutation: You are frail (-10% HP). [Xom's mischief]
 12788 | D:9      | Lost mutation: You are clumsy. (Dex -2) [Xom's mischief]
 12788 | D:9      | Gained mutation: Your system is resistant to poisons. [Xom's mischief]
 12788 | D:9      | Lost mutation: Your magical capacity is low (-10% MP). [Xom's mischief]
 13065 | D:8      | XOM: enchant monster (bad)
 13088 | D:8      | XOM: mild Erth miscast
 13167 | D:9      | XOM: god gift: 29 gold pieces
 13233 | D:8      | Killed Prince Ribbit
 13326 | D:8      | Killed Goodini51's ghost
 13474 | D:8      | Reached skill level 5 in Throwing
 13543 | D:10     | Entered Level 10 of the Dungeon
 13564 | D:10     | XOM: harmless Trmt miscast
 13767 | D:10     | Reached XP level 11. HP: 65/74 MP: 9/11
 13896 | D:10     | XOM: harmless Ice miscast
 13899 | D:10     | XOM: noise
 13914 | D:10     | Noticed a hill giant
 13925 | D:10     | Killed a hill giant
 14099 | D:10     | XOM: cast spell 'Ice Form'
 14126 | D:10     | XOM: divination: detect items
 14174 | D:10     | XOM: vitrification
 14228 | D:10     | XOM: divination: magic mapping
 14378 | D:10     | Got an ebony hand crossbow
 14403 | D:10     | Found a staircase to the Lair.
 14677 | D:10     | Noticed a tengu warrior
 14679 | D:10     | XOM: cast spell 'Call Canine Familiar'
 14691 | D:10     | Killed a tengu warrior
 14691 | D:10     | XOM: divine lightning
 14695 | D:10     | Slain by a raven

Vault maps used:
D:1:      ncdulo_watergridlock
D:2:      uniq_natasha
D:3:      kennysheep_generic_room_3
D:4:      gammafunk_temple_overflow_forgotten
D:5:      temple_statues, first_bread, minmay_mini_ossuary
D:6:      grunt_temple_overflow_cloverleaf, gup_sewer_entry_bubbles,
          eino_small_chamber_without_monster, grunt_decor_clamped,
          chei_slow_surprise
D:7:      wad_river_or_something
D:8:      lemuel_ratsnest, the_bakery, uniq_prince_ribbit1, uniq_maurice
D:9:      orc_0_dummy, hangedman_minor_gate_pass
D:10:     david_lair_shrubbed
Sewer:    sewer_co_tree

Action                   |  1- 3 |  4- 6 |  7- 9 | 10-12 || total
-------------------------+-------+-------+-------+-------++-------
Melee: Falchion          |   134 |   261 |   831 |   102 ||  1328
       Scimitar          |       |       |       |   438 ||   438
       Unarmed           |       |       |       |     8 ||     8
 Fire: Blowgun           |       |       |       |     2 ||     2
Throw: Javelin           |       |       |       |     6 ||     6
Evoke: Wand              |       |       |     3 |     4 ||     7
       Deck              |       |       |       |     6 ||     6
       Lamp of fire      |       |       |       |     1 ||     1
  Use: Potion            |     3 |     3 |    10 |     3 ||    19
       Scroll            |       |       |    14 |     1 ||    15
 Stab: Paralysed         |       |     6 |     7 |     1 ||    14
       Petrified         |       |     2 |     3 |       ||     5
       Invisible         |       |     2 |    13 |     4 ||    19
       Petrifying        |       |       |     5 |       ||     5
       Confused          |       |       |     2 |       ||     2
       Distracted        |       |       |       |     1 ||     1
  Eat: Chunk             |     1 |    10 |    31 |    13 ||    55
